Map: Ley Lines

Players

Claw - Winner!

  • Race: Zerg Zerg
  • League: Master
  • Spawn Location: 1:00

I.A. 1 (Muito fácil)

  • Race: Terran Terran
  • Spawn Location: 7:00

VOD

Have the link to the VOD?

Description

ZvT padrão claw

Time

  • Played on: Sept. 23, 2025, 1:29 p.m.
  • Length: 10:56
Show
View Real Time Build Order
Export as new Build Order

Claw Zerg - Winner!

Build Orders: Hatch First 

Get SALT Encoding   

  12  0:00  Drone  
  13  0:08  Drone  
  14  0:15  Extractor  
  14  0:16  Drone  
  15  0:23  Overlord  
  15  0:42  Drone  
  16  0:50  Hatchery  
  16  0:52  Drone  
  16  0:55  Drone  
  17  0:57  Drone  
  18  1:10  Extractor  
  17  1:12  Spawning Pool  
  17  1:15  Drone  
  17  1:18  Drone  
  18  1:26  Drone  
  19  1:37  Drone  
  20  1:49  Overlord  
  20  1:59  Queen  
  22  2:01  Queen  
  22  2:03  Zergling x4  
  26  2:18  Hatchery  
  25  2:23  Metabolic Boost  
  25  2:26  Drone  
  25  2:29  Drone  
  27  2:31  Drone  
  27  2:34  Drone  
  29  2:37  Drone  
  30  2:46  Drone  
  30  2:48  Queen  
  33  2:54  Overlord  
  33  3:00  Drone x2  
  33  3:03  Drone  
  36  3:06  Overlord  
  36  3:15  Drone x4  
  40  3:21  Queen  
  40  3:23  Zergling x4  
  44  3:28  Overlord  
  44  3:34  Queen  
  44  3:40  Zergling x2  
  44  3:41  Zergling x2  
  48  3:44  Drone x3  
  51  3:50  Drone x3  
  54  4:05  Drone x6  
  54  4:06  Roach Warren  
  54  4:09  Overlord  
  59  4:11  Overlord  
  59  4:21  Overlord  
  59  4:28  Drone x5  
  59  4:29  Baneling Nest  
  63  4:33  Drone x4  
  63  4:35  Drone  
  68  4:52  Extractor, Drone x2  
  69  4:53  Extractor  
  69  4:55  Drone x3  
  69  4:56  Drone  
  69  4:57  Drone x2  
  74  5:01  Lair  
  74  5:04  Roach x3  
  74  5:06  Overlord x2  
  80  5:22  Overlord  
  80  5:23  Overlord x2  
  80  5:26  Hatchery  
  80  5:28  Roach x5  
  89  5:34  Drone x2  
  91  5:36  Evolution Chamber  
  91  5:38  Evolution Chamber  
  91  5:41  Roach x2  
  91  5:42  Roach x2  
  97  5:58  Extractor  
  97  5:59  Extractor, Drone  
  97  6:00  Drone x2  
  97  6:01  Drone x2  
  97  6:02  Drone x3  
  103  6:04  Zerg Melee Weapons Level 1  
  103  6:12  Zerg Ground Armor Level 1  
  103  6:16  Zergling x2  
  103  6:17  Zergling x18  
  113  6:29  Glial Reconstitution  
  113  6:30  Centrifugal Hooks  
  113  6:33  Roach  
  113  6:36  Hatchery  
  114  6:44  Drone x11  
  114  6:45  Queen, Drone x4  
  131  6:50  Baneling  
  131  6:51  Baneling x9  
  131  6:54  Extractor  
  131  6:55  Drone  
  131  6:56  Drone x2  
  133  7:08  Drone  
  134  7:09  Roach  
  134  7:11  Overlord x4  
  136  7:26  Extractor, Drone  
  136  7:27  Overlord x5, Extractor  
  135  7:31  Drone  
  135  7:32  Drone x2  
  135  7:33  Drone x3  
  141  7:38  Zergling x8  
  141  7:41  Baneling x3  
  145  7:47  Infestation Pit  
  145  7:51  Zergling x14  
  151  8:03  Zergling x22  
  162  8:06  Zerg Melee Weapons Level 2, Hatchery  
  162  8:07  Zerg Ground Armor Level 2  
  162  8:10  Zergling x12  
  162  8:12  Overseer x2  
  167  8:13  Overseer  
  167  8:14  Overseer  
  167  8:20  Hatchery  
  167  8:23  Hive  
  167  8:25  Pneumatized Carapace  
  167  8:26  Burrow  
  166  8:32  Zergling x34  
  183  8:37  Baneling x8  
  183  8:38  Baneling x19  
  183  8:50  Zergling x14  
  190  9:03  Zergling x2  
  190  9:04  Zergling x18  
  200  9:40  Ultralisk Cavern  
  200  9:42  Hatchery  
  198  9:52  Hatchery  
  197  10:05  Spire  
Show
View Real Time Build Order
Export as new Build Order

I.A. 1 (Muito fácil) Terran 

Build Orders: Reaper Expand 

Get SALT Encoding   

  12  0:00  SCV  
  13  0:13  SCV  
  14  0:18  Supply Depot  
  14  0:43  Barracks  
  14  1:02  Command Center  
  14  1:30  Orbital Command, Supply Depot  
  14  1:31  Marine  
  15  1:36  Refinery  
  15  1:48  Refinery  
  15  1:56  SCV  
  16  2:08  SCV  
  17  2:15  SCV  
  18  2:16  Reaper  
  18  2:22  SCV  
  20  2:29  SCV  
  21  2:36  SCV  
  22  2:44  SCV  
  23  2:51  SCV  
  23  2:52  Refinery  
  24  2:58  SCV  
  24  2:59  Marine  
  26  3:06  SCV  
  27  3:13  SCV  
  28  3:20  SCV  
  28  3:21  Factory  
  29  3:42  Marine  
  29  3:43  Refinery  
  29  3:45  SCV  
  31  3:53  SCV  
  32  3:57  Supply Depot  
  32  4:00  SCV  
  33  4:07  SCV  
  33  4:08  Starport  
  34  4:14  SCV  
  35  4:21  SCV  
  36  4:25  Reaper  
  36  4:28  SCV  
  38  4:36  SCV  
  39  4:39  Supply Depot  
  39  4:43  SCV  
  40  4:46  Starport Tech Lab  
  40  4:50  SCV  
  41  4:57  SCV  
  41  4:58  Barracks Tech Lab  
  42  5:04  SCV  
  42  5:06  Raven  
  45  5:11  SCV  
  46  5:16  Marine  
  46  5:19  SCV  
  48  5:40  Raven  
  50  5:45  SCV  
  50  5:59  Marine  
  51  6:42  Marauder  
  53  8:58  SCV  
  53  10:24  Marine  
  45  10:33  SCV  
Tags
 
Add a new tag
Caveats
  • Supply blocks, unpowered buildings, or Contaminate may cause inaccurate times.
  • Supply counts are checked every 10 seconds.